Map: Abiogênese LE

Players

IagoAbreu

  • Race: Zerg Zerg
  • League: Gold
  • Spawn Location: 5:00

Sócrates - Winner!

  • Race: Terran Terran
  • League: Gold
  • Spawn Location: 11:00

VOD

Have the link to the VOD?

Description

Time

  • Played on: May 6, 2018, 5:51 p.m.
  • Length: 9:05
Show
View Real Time Build Order
Export as new Build Order

IagoAbreu Zerg 

Build Orders: Pool First, Zergling Baneling 

Get SALT Encoding   

  12  0:01  Drone  
  13  0:08  Drone  
  14  0:17  Overlord  
  14  0:25  Extractor  
  14  0:27  Drone  
  14  0:40  Spawning Pool  
  13  0:44  Drone  
  14  0:52  Drone x2  
  16  0:58  Drone  
  17  1:07  Evolution Chamber  
  17  1:11  Drone  
  17  1:31  Zergling x2  
  17  1:32  Zergling x2  
  19  1:38  Queen  
  21  1:42  Drone  
  22  2:12  Overlord  
  22  2:13  Overlord  
  22  2:30  Queen  
  22  2:34  Hatchery  
  23  2:49  Zerg Melee Weapons Level 1  
  23  2:50  Metabolic Boost  
  23  2:56  Zergling x4  
  23  2:57  Zergling x2  
  24  3:35  Baneling Nest  
  24  3:36  Drone x2  
  24  3:37  Drone  
  26  3:58  Zergling x10  
  26  3:59  Zergling x6  
  34  4:12  Drone  
  34  4:14  Extractor  
  34  4:20  Drone x2  
  36  4:25  Baneling  
  36  4:26  Baneling x5  
  36  4:31  Baneling x5  
  36  4:34  Zergling x6  
  39  5:00  Zergling x4  
  39  5:01  Zergling x6  
  44  5:07  Overlord x2  
  43  5:18  Lair  
  30  5:40  Zergling x12  
  30  5:41  Zergling x4  
  33  5:48  Drone x2  
  35  6:24  Zerg Ground Armor Level 1  
  35  6:42  Nydus Network  
  33  6:55  Zergling x10  
  33  6:56  Zergling x12  
  33  6:57  Zergling x2  
  44  7:26  Zergling x6  
  44  7:27  Zergling x6  
  50  7:35  Queen  
  52  7:49  Zergling x4  
  52  7:50  Zergling x4  
  56  7:55  Nydus Canal  
  56  8:03  Zergling x8  
  50  8:29  Zergling x6  
  50  8:30  Zergling x6  
Show
View Real Time Build Order
Export as new Build Order

Sócrates Terran - Winner!

Build Orders: MMM Bio 

Get SALT Encoding   

  12  0:02  SCV  
  13  0:14  SCV  
  14  0:24  Supply Depot  
  14  0:26  SCV  
  15  0:45  SCV  
  16  0:54  Barracks, Refinery  
  16  0:58  SCV  
  17  1:10  SCV  
  18  1:22  SCV  
  19  1:34  SCV  
  20  1:42  Engineering Bay  
  20  1:46  SCV  
  21  1:48  Marine  
  22  1:56  Command Center  
  22  1:58  SCV  
  22  2:09  Marine  
  22  2:15  Factory  
  23  2:35  Supply Depot  
  23  2:36  Orbital Command  
  23  2:52  Engineering Bay  
  23  2:53  Supply Depot  
  23  3:01  Barracks Reactor  
  23  3:12  Orbital Command  
  22  3:16  SCV  
  23  3:25  Factory Tech Lab  
  23  3:28  SCV, Starport  
  24  3:39  SCV  
  24  3:40  SCV  
  26  3:43  Marine x2  
  28  3:51  SCV, Siege Tank  
  28  3:54  SCV  
  33  4:00  Marine  
  33  4:01  Marine  
  35  4:04  SCV  
  36  4:16  Starport Reactor  
  36  4:19  Refinery  
  36  4:21  Marine x2, Barracks  
  36  4:23  Barracks  
  38  4:32  Bunker  
  38  4:34  SCV x2  
  38  4:36  Refinery  
  40  4:39  Marine x2  
  42  4:46  SCV x2  
  44  4:57  Command Center  
  44  4:58  SCV x2  
  46  5:05  Supply Depot  
  46  5:09  Barracks Tech Lab  
  46  5:12  Supply Depot  
  46  5:13  Barracks Tech Lab  
  46  5:15  Medivac  
  46  5:16  Supply Depot  
  46  5:18  Medivac  
  50  5:26  Siege Tank  
  48  5:52  Stimpack, Combat Shields  
  48  5:54  Marine x2, Supply Depot, Marauder x2  
  54  6:08  SCV x2  
  54  6:10  Siege Tank  
  59  6:12  Marine  
  60  6:20  SCV x2, Refinery  
  60  6:24  Marauder  
  60  6:25  Marauder  
  66  6:26  Marine  
  66  6:30  Marine  
  66  6:32  SCV  
  69  6:37  SCV  
  70  6:44  SCV  
  71  6:49  SCV  
  66  7:02  SCV x2  
  66  7:06  Marine, Marauder x2  
  66  7:07  Marine  
  74  7:14  SCV x2  
  76  7:24  Marine x2  
  76  7:25  Engineering Bay  
  76  7:26  SCV, Armory  
  76  7:27  Marine  
  76  7:28  Marauder  
  82  7:31  Missile Turret  
  82  7:37  SCV  
  82  7:38  SCV  
  82  7:42  Marine x2, Viking  
  88  7:46  Marauder  
  88  7:49  Marauder  
  92  7:59  SCV  
  93  8:21  SCV  
  93  8:23  Marine x2  
Tags
 
Add a new tag
Caveats
  • Supply blocks, unpowered buildings, or Contaminate may cause inaccurate times.
  • Supply counts are checked every 10 seconds.